 Dungeon Crawl Stone Soup version 0.30.1-3-gfc49f6343a (webtiles) character file.

Game seed: 1882036331183291698

14195 Wiggles the Severer (level 11, -6/83 HPs)
             Began as a Minotaur Berserker on July 25, 2023.
             Was a High Priest of Trog.
             Mangled by a two-headed ogre
             ... wielding a +0 giant spiked club
              (8 damage)
             ... on level 12 of the Dungeon.
             The game lasted 00:23:03 (11141 turns).

Wiggles the Severer (Minotaur Berserker)           Turns: 11141, Time: 00:23:04

Health: -6/83      AC: 17    Str: 27    XL:     11   Next: 85%
Magic:  10/10      EV:  8    Int:  4    God:    Trog [*****.]
Gold:   105        SH:  5    Dex: 15    Spells: 10/10 levels left

rFire   . . .        F - +6 battleaxe (freeze)
rCold   . . .        (shield currently unavailable)
rNeg    + . .        r - +2 plate armour
rPois   .            D - +1 hat
rElec   .            (no cloak)
rCorr   .            (no gloves)
SInv    .            n - +2 pair of boots
Will    .....        u - amulet of reflection Stlth
                     y - +6 ring of dexterity
HPRegen 0.33/turn    i - ring of positive energy
MPRegen 0.12/turn

%: reflection
@: on berserk cooldown, slowed, very slow
A: horns 2, retaliatory headbutt
a: Renounce Religion, Berserk, Trog's Hand, Brothers in Arms


You were on level 12 of the Dungeon.
You worshipped Trog.
Trog was extremely pleased with you.
You visited 1 branch of the dungeon, and saw 12 of its levels.
You also visited: Sewer.

You collected 785 gold pieces.
You spent 680 gold pieces at shops.

Inventory:

Hand Weapons
 F - a +6 battleaxe of freezing (weapon)
Missiles
 h - a throwing net (quivered)
Armour
 n - a +2 pair of boots (worn)
 r - a +2 plate armour (worn)
 D - a +1 hat (worn)
Jewellery
 a - an amulet of magic regeneration
 i - a ring of positive energy (right hand)
 u - an amulet of reflection (around neck)
 y - a +6 ring of dexterity (left hand)
 C - a ring of magical power
Wands
 k - a wand of roots (20)
 l - a wand of polymorph (8)
 q - a wand of mindburst (43)
 v - a wand of flame (11)
 w - a wand of paralysis (23)
Scrolls
 b - 5 scrolls of teleportation
 d - 2 scrolls of identify
 j - 6 scrolls of magic mapping
 o - a scroll of silence
 t - a scroll of blinking
Potions
 c - a potion of heal wounds
 e - 8 potions of curing
 f - 2 potions of cancellation
 g - 5 potions of flight
 m - 2 potions of magic
 p - 2 potions of mutation
 s - 6 potions of lignification
 x - 3 potions of invisibility
 z - 4 potions of might
 A - 2 potions of haste
 B - a potion of berserk rage


   Skills:
 - Level 3.8 Fighting
 + Level 20.6 Axes
 - Level 2.4 Armour
 - Level 2.2 Dodging
 + Level 8.8 Shields
 + Level 0.1 Evocations


You had 10 spell levels left.
You didn't know any spells.
Your spell library was empty.

Dungeon Overview and Level Annotations

Branches:
Dungeon (12/15)            Temple (0/1) D:5            Lair (0/5) D:10
    Orc (0/2) D:10          Sewer (visited)

Altars:
Elyvilon
Fedhas
Gozag
Hepliaklqana
Kikubaaqudgha
Nemelex Xobeh
Okawaru
Ru
Trog
Vehumet
Xom
Zin
The Shining One

Shops:
D:3 !   D:7 !   D:10 [?*

Annotations:
D:9 1 transporter


Innate Abilities, Weirdness & Mutations

You have a pair of horns on your head.
You reflexively headbutt those who attack you in melee.


Message History

A red film seems to cover your vision as you go berserk!
You feel yourself moving faster!
You feel mighty!
A two-headed ogre comes into view.
It is wielding two +0 giant spiked clubs.
The manticore bites you. The manticore claws you.
The manticore claws you but does no damage.
The two-headed ogre hits you but does no damage.
The two-headed ogre hits you with a +0 giant spiked club!!
You slice the manticore!! You freeze the manticore!
The manticore is almost dead.
You slice the two-headed ogre!! You freeze the two-headed ogre!
You barely miss the manticore.
The manticore is almost dead.
You hit the two-headed ogre. You freeze the two-headed ogre.
You barely miss the manticore.
The manticore is almost dead.
You hit the two-headed ogre. You freeze the two-headed ogre.
The manticore barely misses you. You furiously retaliate!
You headbutt the manticore!
You kill the manticore!
Trog accepts your kill.
The two-headed ogre hits you with a +0 giant club!
The two-headed ogre hits you with a +0 giant spiked club!!
You see here a manticore corpse.
You slice the two-headed ogre!! You freeze the two-headed ogre.
You kill the two-headed ogre!
Trog accepts your kill.
Things that are here:
a +0 giant club; a +0 giant spiked club You feel a strong urge to attack something.
You are no longer berserk.
You are exhausted.
You feel yourself slow down.
The two-headed ogre hits you with a +0 giant spiked club!!
* * * LOW HITPOINT WARNING * * *
The two-headed ogre hits you with a +0 giant spiked club!
* * * LOW HITPOINT WARNING * * *
You hit the two-headed ogre. You freeze the two-headed ogre.
The two-headed ogre is lightly wounded.
The two-headed ogre hits you with a +0 giant spiked club!
You die...

#########
#.......#
#.⌠.⌠.⌠.# #
#.......#...
#<..........
#†).@O..#
#.⌠.⌠.⌠.#
#.......#
#########


You could see a two-headed ogre.

Vanquished Creatures
  A hydra (D:10)
  A boulder beetle (D:11)
  3 two-headed ogres
  The ghost of erynZofia the Thaumaturge, a novice DECj of Vehumet (D:8)
  A cyclops (D:11)
  A manticore (D:12)
  Joseph (D:7)
  Maggie (D:7)
  A komodo dragon (D:10)
  2 trolls
  Grinder (D:5)
  Prince Ribbit (D:5)
  Sigmund (D:6)
  A shadow (D:10)
  20 yaks
  2 wyverns
  Eustachio (D:4)
  2 steam dragons
  3 vampire mosquitoes (D:10)
  Menkaure (D:5)
  3 water moccasins
  Edmund (D:5)
  Duvessa (D:6)
  2 acid dragons
  3 orc warriors
  An ice beast (D:8)
  2 black bears (D:5)
  A sky beast (D:6)
  2 ogres
  4 centaurs
  A kobold brigand (D:10)
  2 phantoms (D:10)
  A bullfrog (D:9)
  A scorpion (D:5)
  9 wights
  Dowan (D:6)
  2 troll zombies (D:10)
  5 killer bees (D:9)
  2 electric eels (D:8)
  A jelly (D:5)
  8 orc priests
  An iguana (D:5)
  3 sleepcaps
  A hell rat (Sewer)
  13 orc wizards
  4 ogre zombies (D:10)
  3 gnolls (D:6)
  2 adders
  A river rat (Sewer)
  A shadow imp (D:6)
  2 white imps
  2 ufetubi
  A worm (D:2)
  A dart slug (D:3)
  33 orcs
  7 bats
  5 endoplasms
  A giant cockroach (D:1)
  7 hobgoblins
  2 jackals (D:4)
  2 quokkas
  4 ball pythons
  5 frilled lizards
  12 goblins
  2 goblin skeletons (D:10)
  3 goblin zombies (D:10)
  3 hobgoblin zombies (D:10)
  16 kobolds
  An orc skeleton (D:10)
  13 orc zombies (D:10)
  9 rats
  A spectral goblin (D:7)
260 creatures vanquished.

Vanquished Creatures (collateral kills)
  2 ogre zombies (D:10)
  A goblin zombie (D:10)
  A hobgoblin zombie (D:10)
  An orc zombie (D:10)
5 creatures vanquished.

Grand Total: 265 creatures vanquished

Notes
Turn   | Place    | Note
-------+----------+-------------------------------------------
     0 | D:1      | Wiggles the Minotaur Berserker began the quest for the Orb.
     0 | D:1      | Reached XP level 1. HP: 19/19 MP: 0/0
   155 | D:1      | Reached skill level 4 in Axes
   238 | D:1      | Reached XP level 2. HP: 21/27 MP: 1/1
   408 | D:1      | Reached ** piety under Trog
   803 | D:2      | Reached XP level 3. HP: 33/33 MP: 2/2
   824 | D:2      | Reached skill level 5 in Axes
  1732 | D:3      | Noticed a centaur
  1744 | D:3      | Killed a centaur
  1745 | D:3      | Reached skill level 6 in Axes
  1745 | D:3      | Reached XP level 4. HP: 19/40 MP: 3/3
  1745 | D:3      | Reached XP level 5. HP: 22/46 MP: 4/4
  2007 | D:3      | Reached skill level 7 in Axes
  2257 | D:3      | Found Ruav Ume's Distillery.
  2283 | D:3      | Bought a potion of heal wounds for 65 gold pieces
  2617 | D:4      | Found an ancient bone altar of Kikubaaqudgha.
  2754 | D:4      | Noticed Eustachio
  2786 | D:4      | Killed Eustachio
  2787 | D:4      | Reached skill level 8 in Axes
  2787 | D:4      | Reached XP level 6. HP: 7/52 MP: 5/5
  3150 | D:5      | Entered Level 5 of the Dungeon
  3172 | D:5      | Reached skill level 9 in Axes
  3172 | D:5      | Reached skill level 1 in Shields
  3332 | D:5      | Found a glowing drain.
  3337 | Sewer    | Entered a sewer
  3351 | Sewer    | Reached XP level 7. HP: 58/58 MP: 6/6
  3606 | D:5      | Noticed Menkaure
  3606 | D:5      | Noticed Prince Ribbit
  3607 | D:5      | Noticed Edmund
  3613 | D:5      | Killed Menkaure
  3614 | D:5      | Reached skill level 10 in Axes
  3621 | D:5      | Killed Edmund
  3621 | D:5      | Reached *** piety under Trog
  3622 | D:5      | Killed Prince Ribbit
  3623 | D:5      | Reached skill level 11 in Axes
  3623 | D:5      | Reached XP level 8. HP: 66/66 MP: 7/7
  3778 | D:5      | Found a staircase to the Ecumenical Temple.
  3930 | D:5      | Noticed Grinder
  3951 | D:5      | Killed Grinder
  3952 | D:5      | Reached skill level 12 in Axes
  3963 | D:5      | Found a sacrificial altar of Ru.
  4485 | D:6      | Reached skill level 13 in Axes
  4598 | D:6      | Found an iron altar of Okawaru.
  4667 | D:6      | Noticed Duvessa
  4668 | D:6      | Noticed Dowan
  4676 | D:6      | Killed Duvessa
  4681 | D:6      | Killed Dowan
  4739 | D:6      | Noticed Sigmund
  4750 | D:6      | Killed Sigmund
  4751 | D:6      | Reached XP level 9. HP: 71/71 MP: 8/8
  5046 | D:6      | Reached skill level 14 in Axes
  5343 | D:7      | Reached skill level 5 in Shields
  5422 | D:7      | Found a hazy altar of Hepliaklqana.
  5500 | D:7      | Found Deogur's Distillery.
  5505 | D:7      | Bought a potion of heal wounds for 50 gold pieces
  5517 | D:7      | Noticed Joseph
  5535 | D:7      | Killed Joseph
  5734 | D:7      | Reached skill level 15 in Axes
  5994 | D:7      | Noticed Maggie
  6021 | D:7      | Killed Maggie
  6780 | D:8      | Found a runed translucent door.
  6790 | D:8      | Reached skill level 16 in Axes
  6790 | D:8      | Reached XP level 10. HP: 78/78 MP: 9/9
  6831 | D:8      | Noticed erynZofia's ghost (novice DECj)
  6878 | D:8      | Killed erynZofia's ghost
  6972 | D:8      | Reached skill level 17 in Axes
  7082 | D:8      | Found a bloodstained altar of Trog.
  7474 | D:9      | Found a blossoming altar of Fedhas.
  7519 | D:9      | Reached **** piety under Trog
  7584 | D:9      | Found a sparkling altar of Nemelex Xobeh.
  7584 | D:9      | Found a transporter.
  7584 | D:9      | Noticed a deep elf pyromancer
  7791 | D:9      | Found a glowing golden altar of the Shining One.
  7791 | D:9      | Found a shimmering altar of Xom.
  7872 | D:9      | Identified the +6 hand axe of Feibran {vamp, Fly Str+6
                  | Dex-4 Stlth+}
  7952 | D:9      | Reached skill level 18 in Axes
  8582 | D:10     | Entered Level 10 of the Dungeon
  8582 | D:10     | Found a radiant altar of Vehumet.
  8591 | D:10     | Reached XP level 11. HP: 80/82 MP: 10/10
  8723 | D:10     | Found a staircase to the Orcish Mines.
  8774 | D:10     | Reached ***** piety under Trog
  8882 | D:10     | Noticed a two-headed ogre
  8886 | D:10     | Killed a two-headed ogre
  9061 | D:10     | Found Plog's Antique Armour Shoppe.
  9090 | D:10     | Bought a plate armour for 483 gold pieces
  9136 | D:10     | Found a white marble altar of Elyvilon.
  9196 | D:10     | Reached skill level 19 in Axes
  9263 | D:10     | Found Vayraroz's Magic Scroll Shop.
  9352 | D:10     | Found Wivus's Assorted Antiques.
  9402 | D:10     | Found a staircase to the Lair.
  9599 | D:10     | Noticed a seven-headed hydra
  9609 | D:10     | Killed an 11-headed hydra
  9766 | D:10     | Found an opulent altar of Gozag.
  9882 | D:10     | Found a glowing silver altar of Zin.
 10122 | D:10     | Bought a scroll of enchant armour for 82 gold pieces
 10178 | D:11     | Noticed a two-headed ogre
 10187 | D:11     | Killed a two-headed ogre
 10442 | D:11     | Noticed a boulder beetle
 10451 | D:11     | Killed a boulder beetle
 10452 | D:11     | Reached skill level 20 in Axes
 11131 | D:12     | Noticed a two-headed ogre
 11132 | D:12     | Noticed a two-headed ogre
 11137 | D:12     | Killed a two-headed ogre
 11140 | D:12     | HP: 1/83 [two-headed ogre/+0 giant spiked club (16)]
 11141 | D:12     | Mangled by a two-headed ogre

Illustrated notes

Levels and vault maps discovered:
D:1:      minmay_arrival_jagged, layout_basic
D:2:      cheibrodos_greedy_goblins, layout_basic, minmay_puff
D:3:      layout_loops_ring, serial_shops, nicolae_shop_industrial_runoff,
          grunt_decor_one_mirror
D:4:      layout_basic, kiku_gazebo_garden_becter, grunt_ministairs_5,
          uniq_eustachio
D:5:      layout_rooms, kennysheep_mini_moat,
          minmay_temple_entry_gardened_gates, gup_sewer_entry_bowl,
          minmay_between, uniq_edmund, uniq_prince_ribbit1, uniq_menkaure,
          uniq_grinder
D:6:      layout_basic, okawaru_trees_2, minmay_strange_pillars, uniq_sigmund,
          uniq_duvessa
D:7:      layout_loops_ring, nicolae_hepliaklqana_monster_ancestors,
          serial_shops, nicolae_shop_rolling_square, amcnicky_mini_pool_small,
          serial_bayou_pond_a, uniq_maggie, uniq_joseph
D:8:      layout_rooms, mainiacjoe_overflow_alcove_1,
          hellmonk_ghost_happy_afterlife, nicolae_water_bricks
D:9:      layout_loops_ring, lemuel_crystal_altar, grunt_nemelex_the_gamble,
          nicolae_overflow_two_pavilions
D:10:     layout_gridville, pdpol_temple_overflow_zin_treasury_gozag_greed,
          lemuel_doored_altar, amcnicky_altar_gilded, david_lair_shrubbed,
          zombieorc2_lemuel, serial_shops, nicolae_shop_hallway_stairs,
          nicolae_shop_peninsula, shop
D:11:     layout_irregular_city, dk_noncrumbling_4
D:12:     layout_cave_pools, grunt_ministairs_3, elyvilon_altar_5, uniq_lodul,
          uniq_jorgrun, uniq_josephine

Skill      XL: |  1  2  3  4  5  6  7  8  9 10 11 |
---------------+----------------------------------+-----
Axes           | 4 6 8 9 11 13 16 18 20 | 20.6
Shields        | 1 2 4 6 8 |  8.8
Fighting       | |  3.8
Armour         | |  2.4
Dodging        | |  2.2
Evocations     | |  0.1

Action                     |  1- 3 |  4- 6 |  7- 9 | 10-12 || total
---------------------------+-------+-------+-------+-------++-------
  Melee: Hand axe          |   108 |    84 |   183 |       ||   375
         Headbutt          |    18 |    14 |    29 |    42 ||   103
         Punch             |       |     1 |     2 |     2 ||     5
         War axe           |       |       |    53 |   108 ||   161
         Battleaxe         |       |       |       |   139 ||   139
 Invoke: Berserk           |       |     3 |     9 |     6 ||    18
         Brothers in Arms  |       |       |       |     1 ||     1
  Evoke: Wand              |       |       |       |     1 ||     1
    Use: Scroll            |       |       |    21 |    14 ||    35
         Potion            |       |       |       |     3 ||     3
 Armour: Animal skin       |     9 |       |       |       ||     9
         Ring mail         |     2 |       |       |       ||     2
         Chain mail        |    29 |    35 |    95 |    67 ||   226
         Skin              |       |       |     6 |       ||     6
         Plate armour      |       |       |       |    26 ||    26
  Dodge: Dodged            |    51 |    38 |    62 |    69 ||   220
  Block: Other             |       |    14 |    36 |    38 ||    88
         Reflection        |       |       |     4 |       ||     4
